 Dungeon Crawl Stone Soup version 0.13-a0-2907-g70ca29e (webtiles) character file.

517 PolkaDot the Ruinous (level 6, -6/39 HPs)
             Began as a Vampire Wizard on Sept 1, 2013.
             Killed from afar by Ijyb (7 damage)
             ... with a wand of magic darts
             ... on Level 3 of the Dungeon.
             The game lasted 00:15:12 (2555 turns).

PolkaDot the Ruinous (Vampire Wizard)               Turns: 2555, Time: 00:15:12

HP  -6/39        AC  3     Str  6      XL: 6   Next: 50%
MP   8/15        EV 12     Int 22      God:
Gold 128         SH  0     Dex 12      Spells:  3 memorised,  5 levels left

Res.Fire  : . . .   See Invis. : +   s - -3,+0 orc dagger (curse)
Res.Cold  : . . .   Warding    : +   a - +0 robe
Life Prot.: + + .   Conserve   : .   (no shield)
Res.Poison: .       Res.Corr.  : .   b - +0 wizard hat
Res.Elec. : .       Clarity    : .   (no cloak)
Sust.Abil.: . .     Spirit.Shd : .   (no gloves)
Res.Mut.  : .       Stasis     : .   n - +0 pair of boots
Res.Rott. : .       Flight     : .   m - amulet of warding {unknown}
Saprovore : . . .                    (no ring)
                                     (no ring)

@: very slightly contaminated, slightly resistant to hostile enchantments,
stealthy
A: bottle blood, fangs 3, see invisible, unbreathing
a: Bat Form, Bottle Blood


You were on level 3 of the Dungeon.
You were not thirsty.

You visited 1 branch of the dungeon, and saw 3 of its levels.

You collected 108 gold pieces.

Inventory:

Hand weapons
 o - a +0,+0 dagger of venom (quivered)
 s - a cursed -3,+0 orcish dagger (weapon)
Armour
 a - a +0 robe (worn)
 b - a +0 wizard hat (worn)
 l - a +2 leather armour of cold resistance
 n - a +0 pair of boots (worn)
Magical devices
 t - a wand of slowing (6)
Scrolls
 e - a scroll of identify {unknown}
 f - a scroll of fog {unknown}
 g - 2 scrolls of remove curse {unknown}
 h - a scroll of blinking
 i - a scroll of recharging {unknown}
 k - a scroll of amnesia {unknown}
 p - a scroll of curse armour {unknown}
 q - a scroll of enchant armour {unknown}
Jewellery
 m - an amulet of warding (around neck) {unknown}
Books
 c - a book of Minor Magic

   Spells                             Type                      Level
   *Magic Dart                        Conjuration                  1
   *Blink                             Translocation                2
   Call Imp                           Summoning                    2
   Repel Missiles                     Charms/Air                   2
   Slow                               Hexes                        2
   *Conjure Flame                     Conjuration/Fire             3
   Mephitic Cloud                     Conjuration/Poison/Air       3


   Skills:
 - Level 2.1 Dodging
 - Level 3.0 Stealth
 - Level 3.0 Spellcasting
 * Level 5.1 Conjurations
   Level 1.0 Summonings
 - Level 0.7 Translocations


You had 5 spell levels left.
You knew the following spells:

 Your Spells              Type           Power        Failure   Level  Hunger
a - Magic Dart            Conj           ####         1%          1    None
s - Conjure Flame         Conj/Fire      ##......     14%         3    ###....
A - Blink                 Tloc           N/A          17%         2    ##.....


Dungeon Overview and Level Annotations

Branches:
Dungeon (3/27)

Altars:

Annotations:
D:3 Ijyb


Innate Abilities, Weirdness & Mutations

You can bottle blood from corpses.
You have razor-sharp teeth.*
You have supernaturally acute eyesight.
You can survive without breathing.*


Message History

Press: ? - help, Shift-Dir - straight line, f/p - Ijyb
Aim: Ijyb, wielding a club and carrying a wand of magic darts {zapped: 5} (moderately wounded)
The magic dart hits Ijyb.
Ijyb is heavily wounded.
Ijyb zaps a wand.
The magic dart hits you!
* * * LOW HITPOINT WARNING * * *
Casting: Magic Dart
Confirm with . or Enter, or press ? or * to list all spells.
Aiming: Magic Dart
Press: ? - help, Shift-Dir - straight line, f/p - Ijyb
Aim: Ijyb, wielding a club and carrying a wand of magic darts {zapped: 6} (heavily wounded)
The magic dart hits Ijyb.
Ijyb is severely wounded.
Ijyb zaps a wand.
The magic dart hits you!
* * * LOW HITPOINT WARNING * * *
You aren't carrying any potions.
Ijyb screams, "I dance on your bones!"
Ijyb drinks a potion.
Ijyb is healed!
Ijyb zaps a wand.
The magic dart hits you!
You die...

### ########### #..
..........# #.# #########.#
#.# #########.## #.#
#..........##############.
#.###.#######..#....§g.......#
......#.........@#####..!....#
#.#####.#####...<....#.#####.#
#.# #.# #..#.###(#.# #.#
###.### #..#.# #.# #.# #.....#
#..#.# #.# #.###.#.#.###..#.#
#.# ...............#.# #.#
##.##.#.#.###....# #.#
#....%..........# #.#


You could see Ijyb.

Vanquished Creatures
  Grinder (D:3)
  Purgy (D:3)
  3 adders
  A worm (D:3)
  An ooze (D:1)
  7 goblins
  3 hobgoblins
  2 jackals (D:2)
  7 bats
  A giant cockroach (D:3)
  4 giant newts
  6 kobolds
  6 rats
43 creatures vanquished.

Notes
Turn   | Place    | Note
--------------------------------------------------------------
     0 | D:1      | PolkaDot, the Vampire Wizard, began the quest for the Orb.
     0 | D:1      | Reached XP level 1. HP: 11/11 MP: 6/6
    13 | D:1      | Reached skill level 1 in Conjurations
   372 | D:1      | Reached XP level 2. HP: 15/17 MP: 5/8
  1091 | D:2      | Reached XP level 3. HP: 22/22 MP: 10/10
  1096 | D:2      | Learned a level 3 spell: Conjure Flame
  1099 | D:2      | Learned a level 2 spell: Blink
  1782 | D:3      | Noticed Purgy
  1997 | D:3      | Noticed Grinder
  1997 | D:3      | Paralysed by Grinder for 6 turns
  2015 | D:3      | Killed Grinder
  2015 | D:3      | Reached skill level 4 in Conjurations
  2015 | D:3      | Reached XP level 4. HP: 20/28 MP: 4/12
  2015 | D:3      | Reached XP level 5. HP: 23/33 MP: 4/13
  2015 | D:3      | Reached XP level 6. HP: 27/39 MP: 4/15
  2294 | D:3      | Killed Purgy
  2294 | D:3      | Reached skill level 5 in Conjurations
  2540 | D:3      | Noticed Ijyb
  2552 | D:3      | HP: 1/39 [Ijyb/wand of magic darts (3)]
  2555 | D:3      | Killed from afar by Ijyb

Action                   |  1- 3 |  4- 6 || total
-------------------------+-------+-------++-------
Melee: Unarmed           |     3 |       ||     3
       Dagger            |       |     1 ||     1
 Cast: Magic Dart        |    94 |    28 ||   122
       Conjure Flame     |     5 |     5 ||    10
  Use: Scroll            |       |     3 ||     3
       Potion            |       |     3 ||     3
